 Dungeon Sprint DCSS version 0.24-a0-549-g45f0056 (webtiles) character file.

Game seed: 17919043598250647444

260 NeededCrab the Covert (level 5, -7/24 HPs)
             Began as a Spriggan Enchanter on Aug 19, 2019.
             Was an Initiate of Dithmenos.
             Mangled by a two-headed ogre
             ... wielding a cursed -1 giant spiked club
              (13 damage)
             ... in the Dungeon (Sprint IX: "|||||||||||||||||||||||||||||").
             The game lasted 00:03:50 (393 turns).

NeededCrab the Covert (Spriggan Enchanter)           Turns: 393, Time: 00:03:50

Health: -7/24      AC:  2    Str:  7    XL:     5   Next: 95%
Magic:  1/10       EV: 18    Int: 20    God:    Dithmenos [......]
Gold:   0          SH:  0    Dex: 17    Spells: 6/9 levels left

rFire    . . .     SeeInvis +   a - +1 dagger
rCold    . . .     Gourm    .   (shield restricted)
rNeg     . . .     Faith    .   b - +0 robe
rPois    .         Spirit   .   (helmet restricted)
rElec    .         Reflect  .   (no cloak)
rCorr    .         Harm     .   (gloves unavailable)
MR       .....     NoTele   +   (boots unavailable)
Stlth    ++++++....             (no amulet)
HPRegen  0.08/turn              o - +3 ring of intelligence
MPRegen  0.12/turn              p - +3 ring of strength

@: very quick
A: very small, unfitting armour, see invisible, herbivore, speed 3, slow
metabolism 2
a: Renounce Religion


You were in the Dungeon.
You worshipped Dithmenos.
Dithmenos was noncommittal.
You were not hungry.

You visited 1 branch

Inventory:

Hand Weapons
 a - a +1 dagger (weapon)
 n - a +2 rapier of electrocution
Armour
 b - a +0 robe (worn)
Jewellery
 o - a +3 ring of intelligence (left hand)
 p - a +3 ring of strength (right hand)
Wands
 m - a wand of acid (10)
Scrolls
 j - 2 scrolls of blinking
 k - 3 scrolls of remove curse
 l - 2 scrolls of amnesia
Potions
 c - a potion of invisibility
 e - 5 potions of curing
 f - 3 potions of heal wounds
 g - a potion of haste
 h - 4 potions of magic
 i - a potion of berserk rage
Comestibles
 d - a ration


   Skills:
 + Level 6.6 Short Blades
 - Level 3.0 Dodging
 + Level 13.6 Stealth
 - Level 2.6 Spellcasting
 - Level 8.3 Hexes


You had 6 spell levels left.
You knew the following spells:

 Your Spells              Type           Power        Failure   Level  Hunger
a - Corona                Hex            #####..      1%          1    None
b - Ensorcelled Hibernat  Hex/Ice        ###...       4%          2    ##.....

Your spell library contained the following spells:

 Spells                   Type           Power        Failure   Level  Hunger
 Confuse                  Hex            #####...     1%          3    ###....
 Tukima's Dance           Hex            #####...     1%          3    ###....
 Dazzling Spray           Conj/Hex       ###...       8%          3    ###....


Dungeon Overview and Level Annotations

Branches:
Dungeon (1/1)

Altars:
Cheibriados
Dithmenos
Elyvilon
Fedhas
Gozag
Hepliaklqana
Kikubaaqudgha
Makhleb
Nemelex Xobeh
Okawaru
Qazlal
Ru
Sif Muna
Trog
Uskayaw
Vehumet
Wu Jian
Xom
Yredelemnul
Zin
The Shining One
Beogh
Jiyva
Lugonu


Innate Abilities, Weirdness & Mutations

You are very small and have problems with some larger weapons.
You are too small for most types of armour.
You have supernaturally acute eyesight. (SInv)
You are a herbivore.
You cover ground extremely quickly.
You need to consume almost no food.


Message History

Casting: Ensorcelled Hibernation (safe; 4% risk of failure)
Confirm with . or Enter, or press ? or * to list all spells.
Aiming: Ensorcelled Hibernation (safe; 4% risk of failure)
Press: ? - help, Shift-Dir - straight line, f/p - two-headed ogre
Aim: a two-headed ogre, wielding a -1 giant spiked club and a -1 dire flail (chance to defeat MR: 32%)
The two-headed ogre easily resists.
The two-headed ogre closely misses you. The two-headed ogre barely misses you.
Items here: ( )) ÷÷÷ You open the door.
There is an open door to the Dungeon here.
You close the door.
A two-headed ogre opens the door.
You close the door.
A two-headed ogre opens the door.
You close the door.
A two-headed ogre opens the door.
There is a staircase leading out of the dungeon here.
You see here a stone.
The two-headed ogre closely misses you.
The two-headed ogre hits you with a cursed -1 dire flail!
Ouch! That really hurt!
You die... ▓▓▓▓▓▓▓▓▓▓▓▓▓▓▓▓▓▓▓ _'.††..'....)lOO@<▓ ▓▓▓▓▓▓▓▓▓▓▓▓▓▓▓▓▓▓▓

You could see 2 two-headed ogres and an iguana.

Vanquished Creatures
  A phantom (D)
  A centaur (D)
  A jelly (D)
  An iguana (D)
  A worker ant (D)
  An adder (D)
  A dart slug (D)
  A ball python (D)
  A bat (D)
  2 kobolds (D)
  A rat (D)
12 creatures vanquished.

Notes
Turn   | Place    | Note
-------+----------+-------------------------------------------
     0 | D        | NeededCrab the Spriggan Enchanter began the quest for the
                  | Orb.
     0 | D        | Reached XP level 1. HP: 9/9 MP: 5/5
    20 | D        | Reached skill level 5 in Stealth
    36 | D        | Reached skill level 6 in Stealth
   209 | D        | Noticed a worker ant
   209 | D        | Noticed an iguana
   209 | D        | Noticed a jelly
   211 | D        | Killed a jelly
   211 | D        | Reached skill level 8 in Stealth
   211 | D        | Reached XP level 2. HP: 13/13 MP: 6/6
   211 | D        | Reached XP level 3. HP: 16/16 MP: 8/8
   217 | D        | Learned a level 2 spell: Ensorcelled Hibernation
   224 | D        | Reached skill level 9 in Stealth
   224 | D        | Reached XP level 4. HP: 21/21 MP: 9/9
   226 | D        | Reached skill level 10 in Stealth
   246 | D        | Found a roughly hewn altar of Beogh.
   246 | D        | Found a snail-covered altar of Cheibriados.
   246 | D        | Found a shadowy altar of Dithmenos.
   246 | D        | Found a white marble altar of Elyvilon.
   246 | D        | Found a blossoming altar of Fedhas.
   246 | D        | Found an opulent altar of Gozag.
   247 | D        | Found a hazy altar of Hepliaklqana.
   248 | D        | Found a viscous altar of Jiyva.
   249 | D        | Found an ancient bone altar of Kikubaaqudgha.
   250 | D        | Found a corrupted altar of Lugonu.
   251 | D        | Became a worshipper of Dithmenos the Shadowed
   252 | D        | Found a burning altar of Makhleb.
   253 | D        | Found a sparkling altar of Nemelex Xobeh.
   254 | D        | Found an iron altar of Okawaru.
   255 | D        | Found a stormy altar of Qazlal.
   256 | D        | Found a sacrificial altar of Ru.
   257 | D        | Found a shimmering blue altar of Sif Muna.
   258 | D        | Found a bloodstained altar of Trog.
   259 | D        | Found a hide-covered altar of Uskayaw.
   260 | D        | Found a radiant altar of Vehumet.
   266 | D        | Found an ornate altar of the Wu Jian Council.
   267 | D        | Found a shimmering altar of Xom.
   268 | D        | Found a basalt altar of Yredelemnul.
   269 | D        | Found a glowing silver altar of Zin.
   270 | D        | Found a glowing golden altar of the Shining One.
   303 | D        | Noticed a two-headed ogre
   303 | D        | Noticed a two-headed ogre
   303 | D        | Noticed a phantom
   303 | D        | Noticed a centaur
   305 | D        | Killed a centaur
   305 | D        | Reached skill level 12 in Stealth
   305 | D        | Reached XP level 5. HP: 24/24 MP: 10/10
   307 | D        | Killed a phantom
   307 | D        | Reached skill level 13 in Stealth
   312 | D        | HP: 1/24 [two-headed ogre/cursed -1 giant spiked club (4)]
   393 | D        | Mangled by a two-headed ogre

Levels and vault maps discovered:
D:        linesprint [early_d, line_temple, items_1, d_10, items_2, lair_1,
          lair_end, items_3, orc_1, orc_end, items_4, d_15, swamp_1, shoals_1,
          snake_1, spider_1, d_20, vaults_1, items_5, swamp_end, shoals_end,
          snake_end, spider_end, vaults_end, d_27, items_6, zot_1, zot_end,
          crypt_end, forest_end, elf_end, slime_end, tomb_end, abyss_end,
          pan_hell_end]

Skill      XL: |  1  2  3  4  5 |
---------------+----------------+-----
Stealth        | 8 9 12 13 | 13.6
Hexes          | 6 7 8 |  8.3
Short Blades   | 4 6 |  6.6
Dodging        | |  3.0
Spellcasting   | |  2.6

Action                   |  1- 3 |  4- 6 || total
-------------------------+-------+-------++-------
Melee: Dagger            |    36 |     3 ||    39
 Cast: Ensorcelled Hiber |       |     9 ||     9
 Stab: Sleeping          |     4 |     3 ||     7
Armor: Robe              |     1 |       ||     1
Dodge: Dodged            |    22 |     8 ||    30

Table legend:
 A = Non-vault XP
 B = Vault XP
 C = Vault XP percentage of total XP
 D = Non-vault monster count
 E = Vault monster count
 F = Vault count percentage of total count
                 A         B        C        D         E       F
            +---------+---------+-------+---------+---------+-------
      Total |       0 |     372 | 100.0 |       0 |      12 | 100.0
            +---------+---------+-------+---------+---------+-------
          D |       0 |     372 | 100.0 |       0 |      12 | 100.0
            +---------+---------+-------+---------+---------+-------
